 Dungeon Crawl Stone Soup version 0.32-a0-520-g344ed53f66 (webtiles) character file.

Game seed: 441951154445182423

2544 jasper the Martial Artist (level 9, -11/78 HPs)
             Began as a Merfolk Shapeshifter on Feb 27, 2024.
             Was a Priest of Uskayaw.
             Mangled by a gnoll sergeant
             ... wielding a +0 spear
              (29 damage)
             ... on level 7 of the Dungeon.
             The game lasted 00:08:31 (7514 turns).

jasper the Martial Artist (Merfolk Shapeshifter)    Turns: 7514, Time: 00:08:32

Health: -11/78     AC:  5    Str: 15    XL:     9   Next: 55%
Magic:  6/9        EV:  2    Int:  9    God:    Uskayaw [***...]
Gold:   376        SH:  0    Dex: 17    Spells: 8/8 levels left

rFire   . .          .
                       - Unarmed
rCold   . . .        (no shield)
rNeg    . . .        r - +0 steam dragon scales
rPois   .            (helmet currently unavailable)
rElec   .            (cloak currently unavailable)
rCorr   .            (gloves currently unavailable)
SInv    .            (boots currently unavailable)
Will    +....        (no amulet)
Stlth   ++           (no ring)
HPRegen 0.33/turn    j - ring of willpower
MPRegen 0.11/turn

%: no passive effects
@: beast-form, sleeping
A: beast (slay +2), (nimble swimmer 2), mertail
a: Begin Untransformation, Renounce Religion, Stomp, Line Pass


You were on level 7 of the Dungeon.
You worshipped Uskayaw.
Uskayaw was noncommittal.
You were a hulking beast.
You visited 1 branch of the dungeon, and saw 7 of its levels.

You collected 376 gold pieces.

Inventory:

Hand Weapons
 k - a +1 short sword
Missiles
 h - 50 stones (quivered)
 o - 5 atropa-tipped darts
 v - 2 poisoned darts
Armour
 a - a +0 animal skin
 f - a +0 ring mail
 n - a +1 helmet
 r - +0 steam dragon scales (worn)
 y - the +0 leather armour of the Cartwright {*Corrode rElec rF+++ Int-2}
   (You found it on level 5 of the Dungeon)

   Int-2:     It affects your intelligence (-2).
   rF+++:     It renders you almost immune to fire.
   rElec:     It insulates you from electricity.
   *Corrode:  It may corrode you when you take damage.
Jewellery
 b - an amulet of the acrobat
 g - a ring of fire
 j - a ring of willpower (right hand)
 t - a ring of see invisible
Talismans
 c - a beast talisman (active)
 d - a flux talisman
Wands
 x - a wand of iceblast (8)
 B - a wand of polymorph (8)
Scrolls
 e - 2 scrolls of teleportation
 m - 4 scrolls of vulnerability
 D - a scroll of fog
Potions
 i - 2 potions of enlightenment
 l - 3 potions of mutation
 p - 2 potions of brilliance
 q - a potion of curing
 s - a potion of magic
 u - a potion of cancellation {unknown}
 z - a potion of berserk rage {unknown}
 A - a potion of ambrosia {unknown}
 C - a potion of invisibility {unknown}


   Skills:
 - Level 10.0 Fighting
 + Level 3.5 Dodging
 - Level 10.0 Unarmed Combat
 - Level 4.0 Shapeshifting


You had 8 spell levels left.
You didn't know any spells.
Your spell library contained the following spells:

 Spells                   Type           Power      Damage    Failure   Level
 Blink                    Tloc           0%         N/A       52%         2
 Lesser Beckoning         Tloc           0%         N/A       52%         2
 Mercury Vapours          Alch/Air       0%         N/A       52%         2
 Momentum Strike          Conj/Tloc      0%         3d8       52%         2
 Fugue of the Fallen      Necr           0%         N/A       77%         3
 Mephitic Cloud           Conj/Alch/Air  0%         N/A       77%         3
 Manifold Assault         Tloc           0%         N/A       99%         4
 Alistair's Intoxication  Alch           0%         N/A       100%        5
 Freezing Cloud           Conj/Ice/Air   0%         6-21      100%        5
 Haunt                    Necr/Summ      0%         N/A       100%        7
 Infestation              Necr           0%         N/A       100%        8
 Chain Lightning          Conj/Air       0%         N/A       100%        9
 Fire Storm               Conj/Fire      0%         5d1       100%        9
 Shatter                  Erth           0%         3d5*      100%        9


Dungeon Overview and Level Annotations

Branches:
Dungeon (7/15)             Temple (0/1) D:4

Altars:
Dithmenos
Okawaru
Trog
Uskayaw
Wu Jian
Yredelemnul

Portals:
Bailey: D:7


Innate Abilities, Weirdness & Mutations

You are a hulking beast.
Your limbs bulge with bestial killing power. (Slay +2)
((You are very nimble when in or above water. (Stealth+, EV+, Speed+++)))
Your lower body shifts to a powerful aquatic tail in water.


Message History

You take 4 damage, and have 42/78 hp.
You hit the orc but do no damage. The orc hits you with a +0 club.
The gnoll sergeant hits you with a +0 spear.
The gnoll misses you.
You take 3 damage, and have 39/78 hp.
You punch the orc!
You kill the orc!
The sleepcap is no longer sharing its pain.
The sleepcap barely misses you.
You closely miss the gnoll. You punch the gnoll.
You kill the gnoll!
The gnoll sergeant is no longer sharing its pain.
The gnoll is no longer sharing its pain. x4
The gnoll hits you from afar with a +0 spear.
The sleepcap closely misses you. The gnoll sergeant barely misses you.
The gnoll barely misses you.
You take 3 damage, and have 36/78 hp.
The gnoll sergeant blocks your attack.
The gnoll sergeant is moderately wounded.
The gnoll hits you but does no damage. The gnoll hits you with a +0 club.
The gnoll hits you but does no damage.
You take 5 damage, and have 31/78 hp.
You hit the gnoll sergeant.
The gnoll sergeant is moderately wounded.
The sleepcap barely misses you. The gnoll sergeant misses you.
The gnoll closely misses you.
The gnoll hits you from afar with a +0 spear. x2
* * * LOW HITPOINT WARNING * * *
You take 9 damage, and have 22/78 hp.
You stomp with the beat, sending a shockwave through the revellers around you!
The gnoll is severely wounded.
The gnoll sergeant is severely wounded.
The gnoll is heavily wounded.
The sleepcap is moderately damaged.
The sleepcap releases spores at you.
* * * LOW HITPOINT WARNING * * *
You are engulfed in a cloud of soporific spores!
You fall asleep.
The gnoll sergeant hits you with a +0 spear!!
You die...
Your body falls in perfect tune with the rhythm.

#######........###.....#..
#######........#*##....#..
***#######..###......#....##.
**,,.#####.....#.........###*.
*,,,.####...............##*###
**,,...##.....#...........##.#
*,,,..........##..............
**,,?........###.....,,..#....
**,,####....ghg......,,,*#....
*,,,...#....fg)g...>.*,,*##...
***,..)........g.$...,,,*#....
*,,.###.............,,,*##...
***,,#......##...)..,,,,*###.
*****,.........,......,,,**,*##
**,,,,,...)....g,......,,***,,..
*,,,,,,,.)∩)!..,,.!....,,,,*,.##
**,,,,,,,,,,,,,,,,,,,,**,,,,.,,,


You could see a sleepcap, a gnoll sergeant (swift) and 4 gnolls.

Vanquished Creatures
  Jeremiah (D:6)
  Prince Ribbit (D:5)
  A steam dragon (D:5)
  An orc warrior (D:6)
  3 ogres
  3 centaurs
  3 phantoms (D:5)
  2 scorpions (D:5)
  A wyvern zombie (D:6)
  A howler monkey (D:6)
  A bombardier beetle (D:4)
  3 bullfrog zombies (D:6)
  An orc priest (D:5)
  2 bullfrog skeletons (D:6)
  4 hounds
  A gnoll bouda (D:7)
  3 sleepcaps
  2 iguanas
  Natasha (thrice) (D:3)
  5 killer bee zombies (D:6)
  Robin (D:3)
  A howler monkey zombie (D:6)
  4 adders
  10 gnolls
  A shadow imp (D:6)
  A white imp (D:5)
  4 ufetubi (D:6)
  2 dart slugs (D:2)
  3 ribbon worms (D:2)
  9 orcs
  3 endoplasms
  5 giant cockroaches
  11 goblins
  10 hobgoblins
  14 kobolds
  2 quokkas (D:3)
  9 ball pythons
  8 bats
  A frilled lizard (D:1)
  6 rats
147 creatures vanquished.

Notes
Turn   | Place    | Note
-------+----------+-------------------------------------------
     0 | D:1      | jasper the Merfolk Shapeshifter began the quest for the
                  | Orb.
     0 | D:1      | Reached XP level 1. HP: 15/15 MP: 1/1
   266 | D:1      | Reached XP level 2. HP: 9/21 MP: 2/2
   650 | D:1      | Reached XP level 3. HP: 17/26 MP: 3/3
  1307 | D:1      | Reached skill level 5 in Unarmed Combat
  1467 | D:2      | Reached XP level 4. HP: 32/32 MP: 4/4
  1728 | D:2      | Reached XP level 5. HP: 32/37 MP: 5/5
  2213 | D:3      | Noticed Natasha
  2219 | D:3      | Killed Natasha
  2366 | D:3      | Noticed Robin
  2391 | D:3      | Killed Robin
  2454 | D:3      | Reached XP level 6. HP: 43/43 MP: 6/6
  2494 | D:3      | Noticed Natasha
  2498 | D:3      | Killed Natasha
  3018 | D:3      | Noticed Natasha
  3026 | D:3      | Killed Natasha
  3174 | D:4      | Found a hide-covered altar of Uskayaw.
  3223 | D:4      | Became a worshipper of Uskayaw the Reveller
  3240 | D:4      | Reached * piety under Uskayaw
  3242 | D:4      | Reached ** piety under Uskayaw
  3448 | D:4      | Found a staircase to the Ecumenical Temple.
  3453 | D:4      | Identified the staff of Suvagruq {rF+ rN+ Str-4 Int+3 Conj}
  3465 | D:4      | Got the Codex of Concoctions and the Voyage
  3958 | D:5      | Entered Level 5 of the Dungeon
  3958 | D:5      | Noticed Prince Ribbit
  3971 | D:5      | Reached *** piety under Uskayaw
  3975 | D:5      | Killed Prince Ribbit
  3976 | D:5      | Reached XP level 7. HP: 27/48 MP: 7/7
  4375 | D:5      | Found a basalt altar of Yredelemnul.
  4382 | D:5      | Found an iron altar of Okawaru.
  4390 | D:5      | Reached **** piety under Uskayaw
  4391 | D:5      | Reached skill level 10 in Unarmed Combat
  4477 | D:5      | Identified the +0 leather armour of the Cartwright
                  | {*Corrode rElec rF+++ Int-2}
  4556 | D:5      | Reached XP level 8. HP: 45/56 MP: 8/8
  4973 | D:5      | Reached skill level 5 in Fighting
  5178 | D:5      | Found a shadowy altar of Dithmenos.
  5208 | D:5      | Got the Spellbook of the Mausoleum
  5852 | D:6      | Reached XP level 9. HP: 50/73 MP: 9/9
  6086 | D:6      | Found a bloodstained altar of Trog.
  6515 | D:6      | Noticed Jeremiah
  6534 | D:6      | Killed Jeremiah
  7107 | D:6      | Found an ornate altar of the Wu Jian Council.
  7362 | D:7      | Reached skill level 10 in Fighting
  7507 | D:7      | Found a flagged portal.
  7514 | D:7      | Mangled by a gnoll sergeant

Illustrated notes

Levels and vault maps discovered:
D:1:      minmay_arrival_plants_in_alcoves, layout_loops_corners,
          chequers_avenue, minmay_indecisive_spiral
D:2:      layout_basic, corner_web_ring
D:3:      layout_basic, kennysheep_big_empty_room, uniq_natasha, uniq_robin
D:4:      layout_basic, lemuel_round_altar, minmay_temple_entry_junction_2,
          hangedman_decor_push
D:5:      layout_gridville, grunt_dithmenos_smoke_and_mirrors,
          jmf_multi_god_temple, uniq_prince_ribbit1
D:6:      layout_layer_cave, nicolae_overflow_crystal_walls,
          nzn_wu_jian_council_hall, serial_undead, serial_undead_b,
          serial_undead_a, serial_undead_a, serial_undead_a, uniq_jeremiah
D:7:      gammafunk_the_bubble [the_bubble_gammafunk_grid], layout_cave_pools,
          mainiacjoe_overflow_catch_the_wave, enter_bailey_2

Skill      XL: |  1  2  3  4  5  6  7  8  9 |
---------------+----------------------------+-----
Unarmed Combat | 4 5 6 7 9 10 | 10.0
Fighting       | 7 10 | 10.0
Dodging        | 3 |  3.5
Shapeshifting  | |  4.0

Action                     |  1- 3 |  4- 6 |  7- 9 || total
---------------------------+-------+-------+-------++-------
  Melee: Unarmed           |    91 |   163 |   232 ||   486
         Punch             |     1 |     7 |    15 ||    23
  Throw: Stone             |       |       |     4 ||     4
 Invoke: Stomp             |       |       |     1 ||     1
    Use: Scroll            |     4 |     5 |     5 ||    14
         Potion            |     2 |     1 |     2 ||     5
   Stab: Sleeping          |     3 |     1 |     1 ||     5
         Paralysed         |       |       |     8 ||     8
 Armour: Animal skin       |    71 |     2 |       ||    73
         Ring mail         |       |    71 |    67 ||   138
         Skin              |       |     7 |     1 ||     8
         Steam dragon scal |       |       |   125 ||   125
  Dodge: Dodged            |    74 |    76 |   196 ||   346
         Repelled          |       |     2 |       ||     2

Table legend: (Time is in decaauts)
 A = Elapsed time spent in this place.
 B = Non-inter-level travel time spent in this place.
 C = Inter-level travel time spent in this place.
 D = Time resting spent in this place.
 E = Time spent auto-exploring this place.
 F = Levels seen in this place.
 G = Mean time per level.
                   A        B        C        D        E       F      G
               +--------+--------+--------+--------+--------+-----+--------+
         Total |   7442 |   7312 |    130 |    594 |   5650 |   7 | 1063.1 |
       Dungeon |   7442 |   7312 |    130 |    594 |   5650 |   7 | 1063.1 |
               +--------+--------+--------+--------+--------+-----+--------+

Top non-repeatable levels by time:
     D:6: 1753 daAuts
     D:5: 1602 daAuts
     D:1: 1265 daAuts
     D:2: 915 daAuts
     D:4: 885 daAuts
     D:3: 863 daAuts
     D:7: 157 daAuts
